 Dungeon Crawl Stone Soup version 0.13-a0-2318-gf5ad1f9 (webtiles) character file.

1036 Infinimo the Conjurer (level 8, 0/41 HPs)
             Began as a Tengu Conjurer on July 10, 2013.
             Succumbed to a worker ant's poison
             ... on Level 4 of the Dungeon.
             The game lasted 00:07:51 (3411 turns).

Infinimo the Conjurer (Tengu Conjurer)              Turns: 3411, Time: 00:07:52

HP   0/41        AC  2     Str 10      XL: 8   Next: 16%
MP   2/18        EV 12     Int 17      God:
Gold 66          SH  0     Dex 14      Spells:  3 memorised,  4 levels left

Res.Fire  : . . .   See Invis. : .   k - +0,+1 whip (elec)
Res.Cold  : . . .   Warding    : .   (no armour)
Life Prot.: . . .   Conserve   : .   (no shield)
Res.Poison: .       Res.Corr.  : +   (helmet restricted)
Res.Elec. : .       Clarity    : .   (no cloak)
Sust.Abil.: . .     Spirit.Shd : .   f - +1 pair of orc gloves
Res.Mut.  : .       Stasis     : .   (boots unavailable)
Res.Rott. : .       Flight     : .   s - amulet of resist corrosion
Saprovore : . . .                    (no ring)
                                     (no ring)

@: mildly poisoned, slightly resistant to hostile enchantments, fairly stealthy
A: able to fly, beak, talons 3
a: Fly


You were on level 4 of the Dungeon.
You were hungry.

You visited 1 branch of the dungeon, and saw 4 of its levels.

You collected 46 gold pieces.

Inventory:

Hand weapons
 k - a +0,+1 whip of electrocution (weapon)
 l - a +5,+1 sabre
Armour
 a - a +0 robe
 f - a +1 pair of orcish gloves (worn)
 o - a +1 robe of fire resistance
Comestibles
 b - 2 bread rations
 h - a slice of pizza
 q - a meat ration
Scrolls
 d - a scroll of teleportation
 e - 6 scrolls of remove curse
Jewellery
 g - an uncursed amulet of the gourmand {unknown}
 s - an amulet of resist corrosion (around neck)
Potions
 i - 2 potions of restore abilities
 j - a potion of might {unknown}
 m - 2 potions of curing
 n - 2 potions of agility {unknown}
 p - a potion of resistance {unknown}
Books
 c - a book of Conjurations

   Spells                             Type                      Level
   *Magic Dart                        Conjuration                  1
   Force Lance                        Conjuration                  2
   Dazzling Spray                     Conjuration/Hexes            3
   *Iskenderun's Mystic Blast         Conjuration                  4
   *Iskenderun's Battlesphere         Conjuration/Charms           4
   Fulminant Prism                    Conjuration/Hexes            5


   Skills:
 - Level 2.1 Dodging
 - Level 2.0 Stealth
 - Level 3.0 Spellcasting
 + Level 11.5 Conjurations
 - Level 2.1 Charms


You had 4 spell levels left.
You knew the following spells:

 Your Spells              Type           Power        Failure   Level  Hunger
a - Magic Dart            Conj           ####         1%          1    None
b - Iskenderun's Battles  Conj/Chrm      ####....     12%         4    ####...
c - Iskenderun's Mystic   Conj           #####...     1%          4    ####...


Dungeon Overview and Level Annotations

Branches:
Dungeon (4/27)
 Temple: D:4-7

Altars:
Kikubaaqudgha
Makhleb


Innate Abilities, Weirdness & Mutations

You can fly.
You have a beak for a mouth.
You have claws for feet.


Message History

Eat which item? (? for menu, Esc to quit)
Okay, then.
You stop butchering the corpse.
* * * LOW HITPOINT WARNING * * *
You feel sick.
You stop butchering the corpse.
* * * LOW HITPOINT WARNING * * *
You feel sick.
You finish ripping the rat corpse into pieces.
r - a chunk of rat flesh
* * * LOW HITPOINT WARNING * * *
You feel sick.
There isn't anything here!
Eating a chunk of rat flesh.
This raw flesh tastes terrible.
You are feeling hungry.
* * * LOW HITPOINT WARNING * * *
You feel sick.
You feel a little better.
You continue eating.
You die...

#........
............
.#............
.#..............
..#..............
....."..........#
#...............#
@.......<......#...
#.....?...@........
....#.............
........)...##.##
##...........##
##...........##
#.......<....#
..............#
.....)....#.##
...........##


There were no monsters in sight!

Vanquished Creatures
  Pikel (D:4)
  The ghost of disskorpion the Cruncher, an average DjGl (D:4)
  A slave (D:3)
  Sigmund (D:2)
  An orc priest (D:3)
  A hound (D:3)
  A worker ant (D:4)
  7 adders
  2 giant mites (D:2)
  2 worms (D:3)
  A giant eyeball (D:3)
  4 giant geckos
  7 orcs
  3 giant cockroaches
  9 goblins
  12 hobgoblins
  7 jackals
  5 kobolds
  2 ball pythons
  15 bats
  4 giant newts
  A quokka (D:3)
  5 rats
93 creatures vanquished.

Vanquished Creatures (others)
  A human (D:2)
  An orc wizard (D:4)
2 creatures vanquished.

Grand Total: 95 creatures vanquished

Notes
Turn   | Place    | Note
--------------------------------------------------------------
     0 | D:1      | Infinimo, the Tengu Conjurer, began the quest for the Orb.
     0 | D:1      | Reached XP level 1. HP: 10/10 MP: 3/3
   146 | D:1      | Reached XP level 2. HP: 15/15 MP: 3/5
   560 | D:1      | Reached XP level 3. HP: 17/19 MP: 5/7
  1157 | D:2      | Noticed Sigmund
  1167 | D:2      | Killed Sigmund
  1167 | D:2      | Reached skill level 6 in Conjurations
  1167 | D:2      | Reached XP level 4. HP: 12/24 MP: 1/10
  1167 | D:2      | Reached XP level 5. HP: 14/28 MP: 1/12
  1457 | D:2      | Reached skill level 7 in Conjurations
  1466 | D:2      | Learned a level 4 spell: Iskenderun's Battlesphere
  1693 | D:2      | Learned a level 4 spell: Iskenderun's Mystic Blast
  1721 | D:2      | Found an ancient bone altar of Kikubaaqudgha.
  1721 | D:2      | Noticed a human
  1725 | D:2      | Killed a human
  2316 | D:3      | Found a burning altar of Makhleb.
  2372 | D:3      | Reached skill level 8 in Conjurations
  2533 | D:3      | Reached XP level 6. HP: 32/32 MP: 9/14
  2598 | D:3      | Reached skill level 1 in Charms
  3196 | D:4      | Noticed Pikel
  3196 | D:4      | Noticed disskorpion's ghost (average DjGl)
  3200 | D:4      | Killed disskorpion's ghost
  3200 | D:4      | Reached skill level 9 in Conjurations
  3200 | D:4      | Reached XP level 7. HP: 36/36 MP: 1/16
  3387 | D:4      | Killed Pikel
  3387 | D:4      | Reached skill level 11 in Conjurations
  3387 | D:4      | Reached XP level 8. HP: 39/41 MP: 4/18
  3408 | D:4      | HP: 2/41 [poisoned by a worker ant]
  3411 | D:4      | Succumbed to a worker ant's poison

Action                   |  1- 3 |  4- 6 |  7- 9 || total
-------------------------+-------+-------+-------++-------
Melee: Unarmed           |     3 |       |       ||     3
       Sabre             |       |     3 |     2 ||     5
       Whip              |       |       |     4 ||     4
 Cast: Magic Dart        |    58 |   130 |     8 ||   196
       Iskenderun's Batt |       |     3 |     2 ||     5
       Iskenderun's Myst |       |     2 |     3 ||     5
  Use: Scroll            |     6 |     7 |     1 ||    14
